 Dungeon Crawl Stone Soup version 0.30-a0-339-g89bb51ec76 (webtiles) character file.

Game seed: 16039777892291717199

67 retardedninja the Trooper (level 4, 0/41 HPs)
             Began as a Hill Orc Fighter on Oct 31, 2022.
             Killed by divine providence
             ... invoked by an orc priest
              (14 damage)
             ... on level 3 of the Dungeon.
             The game lasted 00:02:04 (1454 turns).

retardedninja the Trooper (Hill Orc Fighter)        Turns: 1454, Time: 00:02:04

Health: 0/41       AC:  7    Str: 20    XL:     4   Next: 16%
Magic:  4/4        EV:  9    Int:  8    God:
Gold:   140        SH:  4    Dex: 10    Spells: 3/3 levels left

rFire   . . .      SeeInvis .    a - +0 war axe
rCold   . . .      Faith    .    c - +0 buckler
rNeg    . . .      Spirit   .    b - +0 scale mail
rPois   .          Reflect  .    (no helmet)
rElec   .          Harm     .    (no cloak)
rCorr   .          Rampage  .    (no gloves)
Will    .....                    (no boots)
Stlth   ..........               (no amulet)
HPRegen 0.26/turn                (no ring)
MPRegen 0.09/turn                (no ring)

@: mighty, attractive
A: no striking features
a: Convert to Beogh


You were on level 3 of the Dungeon.
You visited 1 branch of the dungeon, and saw 3 of its levels.

You collected 140 gold pieces.

Inventory:

Hand Weapons
 a - a +0 war axe (weapon)
Armour
 b - a +0 scale mail (worn)
 c - a +0 buckler (worn)
Jewellery
 l - a ring of protection from fire
 s - a +6 ring of intelligence
 t - a ring of magical power
 w - an amulet of faith
Wands
 r - a wand of digging (7)
Scrolls
 g - a scroll of blinking {unknown}
 h - a scroll of immolation {unknown}
 i - 3 scrolls of teleportation {unknown}
 m - a scroll of fear {unknown}
 n - a scroll of vulnerability {unknown}
 q - a scroll of acquirement {unknown}
 u - a scroll of poison {unknown}
 v - a scroll of identify {unknown}
Potions
 e - a potion of attraction
 f - 3 potions of ambrosia {unknown}
 j - 2 potions of haste {unknown}
 k - 2 potions of mutation {unknown}
 o - a potion of flight {unknown}
 p - a potion of heal wounds {unknown}
 x - 2 potions of berserk rage {unknown}
 z - a potion of invisibility {unknown}


   Skills:
 + Level 4.3 Fighting
 + Level 3.7 Axes
 + Level 3.9 Armour
 + Level 3.8 Shields


You had 3 spell levels left.
You didn't know any spells.
Your spell library was empty.

Dungeon Overview and Level Annotations

Branches:
Dungeon (3/15)

Altars:

Annotations:
D:3 1 transporter, Muataran's ghost, amateur HOMo


Message History

You slash the jackal!
You kill the jackal!
No target in view!
No target in view!
No target in view!
No target in view!
No target in view!
You see here a jackal corpse.
x - 2 green potions (gained 1) 3 orcs come into view.
Found a stone staircase leading down.
The orc shouts! x2; You hear a shout! x2
An orc priest comes into view. It is wielding a +0 club.
The orc barely misses you.
You closely miss the orc. The orc barely misses you.
A dart slug comes into view.
You closely miss the orc.
The orc priest calls down the wrath of Beogh upon you.
Pain shoots through your body!
The orc hits you with a +0 short sword. x2
An orc comes into view. It is wielding a +0 flail.
The orc priest shouts, "Beogh is our master!
Accept the truth or die!" (press Y on the ability menu to convert to Beogh)
You hit the orc.
The orc is moderately wounded.
The orc hits you with a +0 short sword.
You slash the orc!
You kill the orc!
The orc priest casts a cantrip, but nothing happens.
Unknown command.
You feel very mighty all of a sudden.
The orc priest hits you but does no damage.
It was a potion of attraction.
You feel attractive to monsters.
The orc priest mumbles some strange prayers to Beogh against you.
Beogh smites you!
You closely miss the orc priest.
The orc priest shouts, "Surrender to Beogh and we'll let you live!"
The orc priest invokes the aid of Beogh against you.
Beogh smites you!
You die...

#.####.# #####
#.#....###...#######
#.#.#..†...#........
#.#....###...######.
#......# #..## #.
####.##....... #.
##.##.#....#.# #.
#..##.#....#.# ##
#@## .#....#. #o#
.#.##.#.#####
####o###.#.#>....#>..
#..woo)o.........#.##
#.##.##o####.........
# #.# # #.....#.##
#.# #.....#.## #.#
#######... #.# ####


You could see an orc priest, a dart slug and 3 orcs.

Vanquished Creatures
  2 adders
  4 dart slugs
  An orc (D:3)
  3 bats
  A giant cockroach (D:1)
  2 goblins
  3 hobgoblins
  5 jackals
  2 quokkas
  4 ball pythons
  A frilled lizard (D:2)
  5 kobolds
  5 rats
38 creatures vanquished.

Notes
Turn   | Place    | Note
-------+----------+-------------------------------------------
     0 | D:1      | retardedninja the Hill Orc Fighter began the quest for the
                  | Orb.
     0 | D:1      | Reached XP level 1. HP: 19/19 MP: 1/1
   128 | D:1      | Reached XP level 2. HP: 23/27 MP: 2/2
   284 | D:1      | Reached skill level 4 in Fighting
   459 | D:1      | Reached XP level 3. HP: 33/33 MP: 3/3
  1047 | D:3      | Reached XP level 4. HP: 30/40 MP: 4/4
  1198 | D:3      | Found a transporter.
  1202 | D:3      | Noticed Muataran's ghost (amateur HOMo)
  1454 | D:3      | Killed from afar by an orc priest

Illustrated notes

Levels and vault maps discovered:
D:1:      kennysheep_arrival_seaside, layout_rooms
D:2:      layout_basic
D:3:      layout_loops_cross, gammafunk_ghost_smash, dk_noncrumbling_4,
          uniq_sigmund

Skill      XL: |  1  2 |
---------------+-------+-----
Axes           | 3 |  3.7
Fighting       | 4 |  4.3
Armour         | |  3.9
Shields        | |  3.8

Action                   |  1- 3 |  4- 6 || total
-------------------------+-------+-------++-------
Melee: War axe           |    82 |    15 ||    97
  Use: Potion            |       |     2 ||     2
Armor: Scale mail        |    46 |     5 ||    51
Dodge: Dodged            |    57 |     5 ||    62
Block: Buckler           |    23 |     2 ||    25

Table legend: (Time is in decaauts)
 A = Elapsed time spent in this place.
 B = Non-inter-level travel time spent in this place.
 C = Inter-level travel time spent in this place.
 D = Time resting spent in this place.
 E = Time spent auto-exploring this place.
 F = Levels seen in this place.
 G = Mean time per level.
                   A        B        C        D        E       F      G
               +--------+--------+--------+--------+--------+-----+--------+
         Total |   1492 |   1344 |    148 |    142 |    940 |   3 |  497.3 |
       Dungeon |   1492 |   1344 |    148 |    142 |    940 |   3 |  497.3 |
               +--------+--------+--------+--------+--------+-----+--------+

Top non-repeatable levels by time:
     D:1: 666 daAuts
     D:3: 466 daAuts
     D:2: 359 daAuts
